Toronto Maple Leafs vs Vancouver Canucks
Created - Friday, October 20, 2023 at 08:48
Goals
|
| Toronto Maple Leafs |
3 |
0 |
0 |
0 |
3 |
| Vancouver Canucks |
2 |
1 |
0 |
1 |
4 |
|
Shots
|
| Toronto Maple Leafs |
14 |
12 |
8 |
3 |
37 |
| Vancouver Canucks |
15 |
9 |
5 |
1 |
30 |
|
1st period
1. Toronto Maple Leafs , Nicolas Roy 12 (Bowen Byram 1, Mario Ferraro 5) at 8:48
2. Toronto Maple Leafs , Brady Tkachuk 28 (Sam Bennett 24) at 10:49 (PP)
3. Vancouver Canucks , Mikko Rantanen 23 (Jake Bean 7, Joonas Korpisalo) at 11:51
4. Vancouver Canucks , Kasperi Kapanen 7 (Artturi Lehkonen 20, Robby Fabbri 13) at 12:51
5. Toronto Maple Leafs , Sam Bennett 17 (Brady Tkachuk 29, Kyle Okposo 10) at 18:00
Penalties :
Aaron Ekblad (TOR) for High sticking (Minor) at 2:26, Miro Heiskanen (VAN) for Boarding (Minor) at 10:43
2nd period
6. Vancouver Canucks , Artturi Lehkonen 18 (Kasperi Kapanen 10, Adam Boqvist 7) at 9:24
Penalties :
Robby Fabbri (VAN) for Hooking (Minor) at 18:00
3rd period
No Goal
Penalties :
Brady Tkachuk (TOR) for Roughing (Minor) at 0:09, Aaron Ekblad (TOR) for Roughing (Minor) at 5:50, Luke Schenn (TOR) for Roughing (Double Minor) at 11:34
Overtime #1
7. Vancouver Canucks , Artturi Lehkonen 19 (Jake Bean 8, Anton Lundell 9) at 0:49
Penalties :
No Penalty
Goalie Stats
Frederik Andersen (TOR), 26 saves from 30 shots - (0.867), OTL, 19-8-5, 60:49 minutes
Joonas Korpisalo (VAN), 34 saves from 37 shots - (0.919), W, 18-8-3, 60:49 minutes
Players Stats for Toronto Maple Leafs
Player Name G A P +/- PIM S H SB GA TA FO MP PP MP PK MP
------------------------------------------------------------------------------------
Aaron Ekblad 0 0 0 -1 4 1 1 0 0 1 0/0 22:51 1:07 3:22
Andrew Mangiapane 0 0 0 1 0 3 1 0 0 0 1/1 11:23 0:19 0:00
Bowen Byram 0 1 1 1 0 1 2 1 0 0 0/0 17:47 1:07 3:16
Brady Tkachuk 1 1 2 -2 2 7 2 0 1 0 0/0 19:01 0:57 1:45
Brandon Saad 0 0 0 -2 0 2 0 0 1 0 0/2 17:16 0:52 0:17
Cody Ceci 0 0 0 -1 0 0 2 0 0 0 0/0 24:22 0:58 5:16
Kyle Okposo 0 1 1 1 0 1 0 1 0 0 0/0 13:49 0:00 2:59
Luke Schenn 0 0 0 1 4 1 3 0 0 0 0/0 15:07 0:00 2:57
Mario Ferraro 0 1 1 -2 0 1 0 0 0 0 0/0 21:02 0:00 4:19
Nick Bjugstad 0 0 0 0 0 1 0 0 2 1 6/9 12:48 0:00 4:51
Nicolas Roy 1 0 1 0 0 1 3 0 1 1 2/4 15:58 0:06 4:51
Nino Niederreiter 0 0 0 0 0 5 1 0 0 0 0/0 9:37 0:00 1:34
Ryan Pulock 0 0 0 -2 0 2 6 0 0 0 0/0 19:47 0:58 0:21
Sam Bennett 1 1 2 -2 0 5 1 1 0 0 19/26 17:04 0:57 0:00
Scott Laughton 0 0 0 0 0 2 5 0 0 1 8/9 17:40 0:59 2:59
Trevor Zegras 0 0 0 -1 0 1 3 0 0 0 0/0 15:04 0:59 0:57
Troy Terry 0 0 0 0 0 3 0 0 1 1 0/2 14:43 1:06 0:00
Warren Foegele 0 0 0 0 0 0 0 0 0 0 0/0 7:56 0:00 0:00
Players Stats for Vancouver Canucks
Player Name G A P +/- PIM S H SB GA TA FO MP PP MP PK MP
------------------------------------------------------------------------------------
Adam Boqvist 0 1 1 0 0 0 2 0 0 0 0/0 17:20 0:00 0:00
Aleksander Barkov 0 0 0 -1 0 3 1 1 0 0 9/21 17:37 0:00 0:00
Anton Lundell 0 1 1 1 0 1 1 0 1 0 0/0 13:16 4:19 0:39
Artturi Lehkonen 2 1 3 3 0 7 2 0 1 0 0/0 17:41 4:19 0:00
Casey Mittelstadt 0 0 0 0 0 4 0 0 1 0 1/1 14:51 4:19 0:43
Clayton Keller 0 0 0 -1 0 2 2 0 0 1 1/3 23:20 5:10 0:00
Jacob Bryson 0 0 0 -1 0 0 0 0 0 1 0/0 14:45 0:00 0:00
Jake Bean 0 2 2 2 0 0 0 0 0 1 0/0 20:15 5:18 0:55
Jesperi Kotkaniemi 0 0 0 0 0 0 0 1 0 0 2/9 13:38 4:56 0:00
Kasperi Kapanen 1 1 2 2 0 2 1 0 0 0 0/0 14:35 0:52 0:00
Mikko Rantanen 1 0 1 -1 0 5 4 2 1 0 0/1 24:04 5:08 0:32
Miro Heiskanen 0 0 0 1 2 1 1 4 0 0 0/0 26:40 5:18 0:55
Noah Cates 0 0 0 0 0 1 1 1 0 0 2/4 7:33 0:00 1:05
Noah Hanifin 0 0 0 3 0 0 1 2 1 0 0/0 21:51 4:38 1:10
Olli Maatta 0 0 0 -1 0 0 3 1 0 1 0/0 20:46 4:38 1:10
Robby Fabbri 0 1 1 2 2 4 3 0 0 1 2/11 14:22 0:18 0:00
Sam Lafferty 0 0 0 0 0 0 0 0 0 1 0/3 9:11 0:12 1:11
Taylor Raddysh 0 0 0 0 0 0 0 0 0 0 0/0 9:24 0:15 0:00
3 Stars
1 - Artturi Lehkonen (VAN)
2 - Kasperi Kapanen (VAN)
3 - Jake Bean (VAN)
Power Play
Toronto Maple Leafs - 1 on 1 Attempt(s) - 100.00%
Vancouver Canucks - 0 on 6 Attempt(s) - 0.00%
Penalty Kill
Toronto Maple Leafs - 6 on 6 Attempt(s) - 100.00%
- Score 0 goal in Penalty Kill
Vancouver Canucks - 0 on 1 Attempt(s) - 0.00%
- Score 0 goal in Penalty Kill
Team Stat
Toronto Maple Leafs - Hits : 30 - Faceoff Wins : 36 - Blocked Shots : 3 - Penalty Minutes : 10
Vancouver Canucks - Hits : 22 - Faceoff Wins : 17 - Blocked Shots : 12 - Penalty Minutes : 4
Official
Referees : Kelly Sutherland and Gord Dwyer
Linesman : Greg Devorski and Mike Cvik
Game Notes
13:16 of 2nd period - Penalty Shot by Aaron Ekblad for Toronto Maple Leafs - Shot Misses the Net
Finance
Level 1 -- Attendance: 5161 (86.02%) -- Ticket Income $510,939
Level 2 -- Attendance: 3998 (79.96%) -- Ticket Income $235,882
Level 3 -- Attendance: 2599 (86.63%) -- Ticket Income $88,366
Level 4 -- Attendance: 4027 (80.54%) -- Ticket Income $96,648
Luxury Box -- Attendance: 794 (79.40%) -- Ticket Income $158,006
Game was played at the Rogers Arena.
Total Attendance: 16579 (82.90%)
Total Ticket Income: $1,089,841
Other Income: $381,444
Total Income: $1,471,285
Toronto Maple Leafs
5 vs 5 Forward
Center Left Wing Right Wing Time % Phy DF OF
1 Sam Bennett Brady Tkachuk Brandon Saad 40 1 2 2
2 Scott Laughton Trevor Zegras Troy Terry 30 1 2 2
3 Nicolas Roy Andrew Mangiapane Kyle Okposo 20 1 2 2
4 Nick Bjugstad Warren Foegele Nino Niederreiter 10 1 2 2
5 vs 5 Defense
Defense Defense Time % Phy DF OF
1 Aaron Ekblad Cody Ceci 40 1 2 2
2 Mario Ferraro Ryan Pulock 30 1 2 2
3 Bowen Byram Luke Schenn 20 1 2 2
4 Mario Ferraro Ryan Pulock 10 1 2 2
PowerPlay Forward
Center Left Wing Right Wing Time % Phy DF OF
1 Sam Bennett Brady Tkachuk Troy Terry 60 1 2 2
2 Scott Laughton Trevor Zegras Brandon Saad 40 1 2 2
PowerPlay Defense
Defense Defense Time % Phy DF OF
1 Aaron Ekblad Bowen Byram 60 1 2 2
2 Cody Ceci Ryan Pulock 40 1 2 2
Penalty Kill 4 Players Forward
Center Wing Time % Phy DF OF
1 Nick Bjugstad Nicolas Roy 60 1 2 2
2 Scott Laughton Kyle Okposo 40 1 2 2
Penalty Kill 4 Players Defense
Defense Defense Time % Phy DF OF
1 Aaron Ekblad Cody Ceci 60 1 2 2
2 Mario Ferraro Luke Schenn 40 1 2 2
Penalty Kill - 3 Players Forward
Forward Time % Phy DF OF
1 Nick Bjugstad 60 1 2 2
2 Scott Laughton 40 1 2 2
Penalty Kill - 3 Players Defense
Defense Defense Time % Phy DF OF
1 Aaron Ekblad Cody Ceci 60 1 2 2
2 Mario Ferraro Luke Schenn 40 1 2 2
4 vs 4 Forward
Center Wing Time % Phy DF OF
1 Scott Laughton Troy Terry 60 1 2 2
2 Nicolas Roy Trevor Zegras 40 1 2 2
4 vs 4 Defense
Defense Defense Time % Phy DF OF
1 Mario Ferraro Ryan Pulock 60 1 2 2
2 Aaron Ekblad Cody Ceci 40 1 2 2
Last Minutes Offensive
Center Left Wing Right Wing Defense Defense
Sam Bennett Brady Tkachuk Troy Terry Aaron Ekblad Bowen Byram
Last Minutes Defensive
Center Left Wing Right Wing Defense Defense
Nick Bjugstad Scott Laughton Nicolas Roy Aaron Ekblad Cody Ceci
Goaltenders
Starting : Frederik Andersen
Backup : Cam Talbot
Extra Forwards
Normal : Andrew Mangiapane, Nicolas Roy, Nino Niederreiter - PP : Andrew Mangiapane, Nicolas Roy - PK : Nino Niederreiter
Extra Defensemen
Normal : Mario Ferraro, Luke Schenn, Bowen Byram - PP : Mario Ferraro - PK : Luke Schenn, Bowen Byram
Penalty Shots
Trevor Zegras, Kyle Okposo, Nick Bjugstad, Nicolas Roy, Troy Terry
Vancouver Canucks
5 vs 5 Forward
Center Left Wing Right Wing Time % Phy DF OF
1 Aleksander Barkov Clayton Keller Mikko Rantanen 40 1 2 2
2 Robby Fabbri Artturi Lehkonen Kasperi Kapanen 30 1 2 2
3 Jesperi Kotkaniemi Casey Mittelstadt Taylor Raddysh 20 1 2 2
4 Noah Cates Anton Lundell Sam Lafferty 10 1 2 2
5 vs 5 Defense
Defense Defense Time % Phy DF OF
1 Adam Boqvist Miro Heiskanen 40 1 2 2
2 Jake Bean Noah Hanifin 30 1 2 2
3 Jacob Bryson Olli Maatta 20 1 2 2
4 Noah Hanifin Miro Heiskanen 10 1 2 2
PowerPlay Forward
Center Left Wing Right Wing Time % Phy DF OF
1 Jesperi Kotkaniemi Clayton Keller Mikko Rantanen 60 0 1 4
2 Casey Mittelstadt Anton Lundell Artturi Lehkonen 40 0 1 4
PowerPlay Defense
Defense Defense Time % Phy DF OF
1 Miro Heiskanen Jake Bean 60 0 1 4
2 Noah Hanifin Olli Maatta 40 0 1 4
Penalty Kill 4 Players Forward
Center Wing Time % Phy DF OF
1 Sam Lafferty Noah Cates 60 1 3 1
2 Casey Mittelstadt Anton Lundell 40 1 3 1
Penalty Kill 4 Players Defense
Defense Defense Time % Phy DF OF
1 Noah Hanifin Olli Maatta 60 1 3 1
2 Miro Heiskanen Jake Bean 40 1 3 1
Penalty Kill - 3 Players Forward
Forward Time % Phy DF OF
1 Noah Cates 60 1 3 1
2 Sam Lafferty 40 1 3 1
Penalty Kill - 3 Players Defense
Defense Defense Time % Phy DF OF
1 Noah Hanifin Olli Maatta 60 1 3 1
2 Miro Heiskanen Jake Bean 40 1 3 1
4 vs 4 Forward
Center Wing Time % Phy DF OF
1 Clayton Keller Mikko Rantanen 60 1 2 2
2 Anton Lundell Artturi Lehkonen 40 1 2 2
4 vs 4 Defense
Defense Defense Time % Phy DF OF
1 Miro Heiskanen Noah Hanifin 60 1 2 2
2 Olli Maatta Jake Bean 40 1 2 2
Last Minutes Offensive
Center Left Wing Right Wing Defense Defense
Anton Lundell Clayton Keller Mikko Rantanen Miro Heiskanen Noah Hanifin
Last Minutes Defensive
Center Left Wing Right Wing Defense Defense
Sam Lafferty Noah Cates Artturi Lehkonen Noah Hanifin Olli Maatta
Goaltenders
Starting : Joonas Korpisalo
Backup : Ville Husso
Extra Forwards
Normal : Mikko Rantanen, Anton Lundell, Artturi Lehkonen - PP : Clayton Keller, Kasperi Kapanen - PK : Mikko Rantanen
Extra Defensemen
Normal : Miro Heiskanen, Noah Hanifin, Olli Maatta - PP : Jake Bean - PK : Noah Hanifin, Adam Boqvist
Penalty Shots
Miro Heiskanen, Anton Lundell, Jesperi Kotkaniemi, Artturi Lehkonen, Mikko Rantanen
% Time on Ice - Toronto Maple Leafs
Lines # - Real PCT - Wanted PCT - Time Play
Normal Forward
1 - 34% - 40% - 16:15
2 - 28% - 30% - 13:14
3 - 22% - 20% - 10:34
4 - 17% - 10% - 7:56
Normal Defense
1 - 38% - 40% - 18:25
2 - 30% - 30% - 14:35
3 - 25% - 20% - 11:55
4 - 6% - 10% - 3:04
PP Forward
1 - 53% - 60% - 1:06
2 - 47% - 40% - 0:59
PP Defense
1 - 54% - 60% - 1:07
2 - 46% - 40% - 0:58
PK Forward
1 - 70% - 60% - 6:57
2 - 30% - 40% - 2:59
PK Defense
1 - 53% - 60% - 5:15
2 - 47% - 40% - 4:41
PK3 Forward
1 - 0% - 60%
2 - 0% - 40%
PK3 Defense
1 - 0% - 60%
2 - 0% - 40%
44 Forward
1 - 80% - 60% - 0:39
2 - 20% - 40% - 0:10
44 Defense
1 - 100% - 60% - 0:49
2 - 0% - 40% - 0:00
Last Minute Offensive - 0:00
Last Minute Defensive - 0:00
Total
Forward - 60:49
Defense - 60:49
|
% Time on Ice - Vancouver Canucks
Lines # - Real PCT - Wanted PCT - Time Play
Normal Forward
1 - 38% - 40% - 18:16
2 - 31% - 30% - 15:06
3 - 17% - 20% - 8:09
4 - 13% - 10% - 6:28
Normal Defense
1 - 37% - 40% - 17:43
2 - 28% - 30% - 13:17
3 - 29% - 20% - 14:01
4 - 6% - 10% - 2:58
PP Forward
1 - 57% - 60% - 5:37
2 - 43% - 40% - 4:19
PP Defense
1 - 53% - 60% - 5:18
2 - 47% - 40% - 4:38
PK Forward
1 - 93% - 60% - 1:56
2 - 7% - 40% - 0:09
PK Defense
1 - 56% - 60% - 1:10
2 - 44% - 40% - 0:55
PK3 Forward
1 - 0% - 60%
2 - 0% - 40%
PK3 Defense
1 - 0% - 60%
2 - 0% - 40%
44 Forward
1 - 100% - 60% - 0:49
2 - 0% - 40% - 0:00
44 Defense
1 - 55% - 60% - 0:27
2 - 45% - 40% - 0:22
Last Minute Offensive - 0:00
Last Minute Defensive - 0:00
Total
Forward - 60:49
Defense - 60:49
|
Play-by-Play
1st period
0:01 of 1st period - Aleksander Barkov wins face-off versus Sam Bennett in neutral zone.
0:31 of 1st period - Adam Boqvist is hit by Trevor Zegras and loses puck.
0:55 of 1st period - Off-side.
0:56 of 1st period - Nick Bjugstad wins face-off versus Noah Cates in neutral zone.
1:31 of 1st period - Snap shot by Mikko Rantanen.
1:31 of 1st period - Stopped by Frederik Andersen with a rebound.
2:11 of 1st period - Jesperi Kotkaniemi is hit by Trevor Zegras and loses puck.
2:26 of 1st period - Minor Penalty to Aaron Ekblad for High sticking.
2:27 of 1st period - Jesperi Kotkaniemi wins face-off versus Nick Bjugstad in Toronto Maple Leafs zone.
2:54 of 1st period - Artturi Lehkonen is hit by Scott Laughton and loses puck.
4:17 of 1st period - Miro Heiskanen is hit by Brady Tkachuk.
4:26 of 1st period - Penalty to Aaron Ekblad is over, Aaron Ekblad is back on ice.
4:38 of 1st period - Sam Lafferty is hit by Sam Bennett and loses puck.
5:24 of 1st period - Mikko Rantanen is hit by Luke Schenn and loses puck.
6:24 of 1st period - Mario Ferraro is hit by Artturi Lehkonen.
6:40 of 1st period - Brady Tkachuk is hit by Mikko Rantanen and loses puck.
7:40 of 1st period - Nicolas Roy is hit by Robby Fabbri and loses puck.
7:55 of 1st period - Slapshot by Nino Niederreiter.
7:55 of 1st period - Stopped by Joonas Korpisalo with a rebound.
8:08 of 1st period - Miro Heiskanen is hit by Bowen Byram and loses puck.
8:30 of 1st period - Kyle Okposo is hit by Artturi Lehkonen and loses puck.
8:39 of 1st period - Artturi Lehkonen is hit by Nicolas Roy and loses puck.
8:44 of 1st period - Wrist shot by Nicolas Roy.
8:44 of 1st period - Shot Misses the Net.
8:46 of 1st period - Slapshot by Bowen Byram.
8:46 of 1st period - Shot Blocked by Olli Maatta.
8:48 of 1st period - Slapshot by Nicolas Roy.
8:48 of 1st period - Goal by Nicolas Roy - Toronto Maple Leafs : 1 - Vancouver Canucks : 0.
8:49 of 1st period - Aleksander Barkov wins face-off versus Sam Bennett in neutral zone.
9:14 of 1st period - Artturi Lehkonen is hit by Scott Laughton and loses puck.
9:23 of 1st period - Troy Terry is hit by Olli Maatta and loses puck.
10:21 of 1st period - Snap shot by Brady Tkachuk.
10:21 of 1st period - Deflect By Nino Niederreiter.
10:21 of 1st period - Shot Misses the Net.
10:21 of 1st period - Puck is out of play.
10:22 of 1st period - Nick Bjugstad wins face-off versus Robby Fabbri in Vancouver Canucks zone.
10:27 of 1st period - Slapshot by Nino Niederreiter.
10:27 of 1st period - Stopped by Joonas Korpisalo with a rebound.
10:31 of 1st period - Wrist shot by Nino Niederreiter.
10:31 of 1st period - Stopped by Joonas Korpisalo with a rebound.
10:43 of 1st period - Minor Penalty to Miro Heiskanen for Boarding.
10:44 of 1st period - Sam Bennett wins face-off versus Sam Lafferty in Vancouver Canucks zone.
10:49 of 1st period - Slapshot by Brady Tkachuk.
10:49 of 1st period - Goal by Brady Tkachuk - Toronto Maple Leafs : 2 - Vancouver Canucks : 0.
10:50 of 1st period - Sam Bennett wins face-off versus Aleksander Barkov in neutral zone.
11:24 of 1st period - Snap shot by Casey Mittelstadt.
11:24 of 1st period - Stopped by Frederik Andersen without a rebound.
11:25 of 1st period - Scott Laughton wins face-off versus Aleksander Barkov in Toronto Maple Leafs zone.
11:25 of 1st period - Scott Laughton is hit by Aleksander Barkov.
11:51 of 1st period - Snap shot by Mikko Rantanen.
11:51 of 1st period - Goal by Mikko Rantanen - Toronto Maple Leafs : 2 - Vancouver Canucks : 1.
11:52 of 1st period - Aleksander Barkov wins face-off versus Brandon Saad in neutral zone.
12:02 of 1st period - Off-side.
12:03 of 1st period - Aleksander Barkov wins face-off versus Sam Bennett in neutral zone.
12:06 of 1st period - Snap shot by Aleksander Barkov.
12:06 of 1st period - Stopped by Frederik Andersen with a rebound.
12:08 of 1st period - Snap shot by Clayton Keller.
12:08 of 1st period - Shot Blocked by Sam Bennett.
12:34 of 1st period - Icing by Brady Tkachuk.
12:35 of 1st period - Sam Bennett wins face-off versus Robby Fabbri in Toronto Maple Leafs zone.
12:51 of 1st period - Snap shot by Kasperi Kapanen.
12:51 of 1st period - Goal by Kasperi Kapanen - Toronto Maple Leafs : 2 - Vancouver Canucks : 2.
12:52 of 1st period - Scott Laughton wins face-off versus Aleksander Barkov in neutral zone.
13:28 of 1st period - Snap shot by Sam Bennett.
13:28 of 1st period - Shot Blocked by Noah Hanifin.
13:38 of 1st period - Noah Hanifin is hit by Ryan Pulock and loses puck.
13:45 of 1st period - Andrew Mangiapane is hit by Robby Fabbri and loses puck.
14:00 of 1st period - Slapshot by Nino Niederreiter.
14:00 of 1st period - Stopped by Joonas Korpisalo with a rebound.
14:06 of 1st period - Snap shot by Noah Cates.
14:06 of 1st period - Shot Misses the Net.
14:08 of 1st period - Snap shot by Noah Cates.
14:08 of 1st period - Stopped by Frederik Andersen with a rebound.
14:32 of 1st period - Snap shot by Trevor Zegras.
14:32 of 1st period - Shot Misses the Net.
14:48 of 1st period - Slapshot by Brady Tkachuk.
14:48 of 1st period - Shot Misses the Net.
14:50 of 1st period - Slapshot by Luke Schenn.
14:50 of 1st period - Stopped by Joonas Korpisalo without a rebound.
14:51 of 1st period - Andrew Mangiapane wins face-off versus Robby Fabbri in Vancouver Canucks zone.
15:04 of 1st period - Snap shot by Nicolas Roy.
15:04 of 1st period - Shot Misses the Net.
15:06 of 1st period - Slapshot by Andrew Mangiapane.
15:06 of 1st period - Stopped by Joonas Korpisalo without a rebound.
15:07 of 1st period - Sam Bennett wins face-off versus Jesperi Kotkaniemi in Vancouver Canucks zone.
15:10 of 1st period - Slapshot by Sam Bennett.
15:10 of 1st period - Stopped by Joonas Korpisalo without a rebound.
15:11 of 1st period - Sam Bennett wins face-off versus Jesperi Kotkaniemi in Vancouver Canucks zone.
15:12 of 1st period - Snap shot by Brady Tkachuk.
15:12 of 1st period - Stopped by Joonas Korpisalo with a rebound.
15:59 of 1st period - Wrist shot by Kasperi Kapanen.
15:59 of 1st period - Stopped by Frederik Andersen with a rebound.
16:01 of 1st period - Wrist shot by Robby Fabbri.
16:01 of 1st period - Stopped by Frederik Andersen without a rebound.
16:02 of 1st period - Sam Bennett wins face-off versus Robby Fabbri in Toronto Maple Leafs zone.
16:23 of 1st period - Snap shot by Artturi Lehkonen.
16:23 of 1st period - Shot Misses the Net.
16:25 of 1st period - Slapshot by Noah Hanifin.
16:25 of 1st period - Shot Blocked by Bowen Byram.
16:27 of 1st period - Wrist shot by Robby Fabbri.
16:27 of 1st period - Stopped by Frederik Andersen with a rebound.
16:29 of 1st period - Wrist shot by Artturi Lehkonen.
16:29 of 1st period - Stopped by Frederik Andersen with a rebound.
16:35 of 1st period - Wrist shot by Robby Fabbri.
16:35 of 1st period - Stopped by Frederik Andersen with a rebound.
16:37 of 1st period - Snap shot by Artturi Lehkonen.
16:37 of 1st period - Stopped by Frederik Andersen with a rebound.
16:39 of 1st period - Wrist shot by Robby Fabbri.
16:39 of 1st period - Stopped by Frederik Andersen without a rebound.
16:40 of 1st period - Aleksander Barkov wins face-off versus Brandon Saad in Toronto Maple Leafs zone.
17:09 of 1st period - Jake Bean is hit by Scott Laughton and loses puck.
17:31 of 1st period - Off-side.
17:32 of 1st period - Noah Cates wins face-off versus Nicolas Roy in neutral zone.
17:35 of 1st period - Andrew Mangiapane is hit by Noah Cates and loses puck.
17:58 of 1st period - Slapshot by Brady Tkachuk.
17:58 of 1st period - Stopped by Joonas Korpisalo with a rebound.
18:00 of 1st period - Wrist shot by Sam Bennett.
18:00 of 1st period - Goal by Sam Bennett - Toronto Maple Leafs : 3 - Vancouver Canucks : 2.
18:01 of 1st period - Sam Bennett wins face-off versus Aleksander Barkov in neutral zone.
18:12 of 1st period - Wrist shot by Sam Bennett.
18:12 of 1st period - Shot Misses the Net.
18:14 of 1st period - Slapshot by Brady Tkachuk.
18:14 of 1st period - Shot Blocked by Miro Heiskanen.
18:16 of 1st period - Slapshot by Mario Ferraro.
18:16 of 1st period - Shot Misses the Net.
18:39 of 1st period - Snap shot by Mikko Rantanen.
18:39 of 1st period - Stopped by Frederik Andersen without a rebound.
18:40 of 1st period - Sam Bennett wins face-off versus Robby Fabbri in Toronto Maple Leafs zone.
19:14 of 1st period - Slapshot by Casey Mittelstadt.
19:14 of 1st period - Stopped by Frederik Andersen with a rebound.
19:28 of 1st period - Snap shot by Andrew Mangiapane.
19:28 of 1st period - Shot Misses the Net.
19:30 of 1st period - Snap shot by Andrew Mangiapane.
19:30 of 1st period - Stopped by Joonas Korpisalo with a rebound.
19:32 of 1st period - Snap shot by Andrew Mangiapane.
19:32 of 1st period - Shot Misses the Net.
19:34 of 1st period - Snap shot by Kyle Okposo.
19:34 of 1st period - Stopped by Joonas Korpisalo with a rebound.
19:36 of 1st period - Slapshot by Aaron Ekblad.
19:36 of 1st period - Shot Blocked by Noah Hanifin.
Goals for this period are 3 for Toronto Maple Leafs vs 2 for Vancouver Canucks.
Shots for this period are 14 for Toronto Maple Leafs vs 15 for Vancouver Canucks.
2nd period
0:01 of 2nd period - Sam Bennett wins face-off versus Clayton Keller in neutral zone.
0:10 of 2nd period - Slapshot by Sam Bennett.
0:10 of 2nd period - Shot Blocked by Aleksander Barkov.
0:12 of 2nd period - Wrist shot by Sam Bennett.
0:12 of 2nd period - Stopped by Joonas Korpisalo without a rebound.
0:13 of 2nd period - Aleksander Barkov wins face-off versus Sam Bennett in Vancouver Canucks zone.
0:26 of 2nd period - Snap shot by Aleksander Barkov.
0:26 of 2nd period - Stopped by Frederik Andersen with a rebound.
0:28 of 2nd period - Wrist shot by Clayton Keller.
0:28 of 2nd period - Shot Misses the Net.
0:30 of 2nd period - Slapshot by Miro Heiskanen.
0:30 of 2nd period - Stopped by Frederik Andersen without a rebound.
0:31 of 2nd period - Robby Fabbri wins face-off versus Troy Terry in Toronto Maple Leafs zone.
0:38 of 2nd period - Slapshot by Artturi Lehkonen.
0:38 of 2nd period - Stopped by Frederik Andersen with a rebound.
1:08 of 2nd period - Slapshot by Scott Laughton.
1:08 of 2nd period - Shot Blocked by Jesperi Kotkaniemi.
1:10 of 2nd period - Wrist shot by Trevor Zegras.
1:10 of 2nd period - Stopped by Joonas Korpisalo with a rebound.
1:12 of 2nd period - Slapshot by Mario Ferraro.
1:12 of 2nd period - Shot Misses the Net.
1:14 of 2nd period - Slapshot by Mario Ferraro.
1:14 of 2nd period - Deflect By Troy Terry.
1:14 of 2nd period - Shot Misses the Net.
1:14 of 2nd period - Puck is out of play.
1:15 of 2nd period - Sam Bennett wins face-off versus Aleksander Barkov in Vancouver Canucks zone.
1:41 of 2nd period - Bowen Byram is hit by Robby Fabbri and loses puck.
2:02 of 2nd period - Warren Foegele is hit by Adam Boqvist and loses puck.
2:09 of 2nd period - Wrist shot by Nino Niederreiter.
2:09 of 2nd period - Stopped by Joonas Korpisalo with a rebound.
2:23 of 2nd period - Miro Heiskanen is hit by Ryan Pulock.
3:11 of 2nd period - Jesperi Kotkaniemi is hit by Ryan Pulock and loses puck.
3:16 of 2nd period - Snap shot by Nino Niederreiter.
3:16 of 2nd period - Shot Misses the Net.
3:18 of 2nd period - Slapshot by Ryan Pulock.
3:18 of 2nd period - Shot Misses the Net.
3:20 of 2nd period - Wrist shot by Mario Ferraro.
3:20 of 2nd period - Stopped by Joonas Korpisalo with a rebound.
3:54 of 2nd period - Anton Lundell is hit by Scott Laughton and loses puck.
5:05 of 2nd period - Snap shot by Sam Bennett.
5:05 of 2nd period - Shot Misses the Net.
5:07 of 2nd period - Backhand shot by Aaron Ekblad.
5:07 of 2nd period - Stopped by Joonas Korpisalo with a rebound.
5:09 of 2nd period - Wrist shot by Sam Bennett.
5:09 of 2nd period - Deflect By Brandon Saad.
5:09 of 2nd period - Stopped by Joonas Korpisalo with a rebound.
5:40 of 2nd period - Robby Fabbri is hit by Luke Schenn and loses puck.
5:53 of 2nd period - Artturi Lehkonen is hit by Nicolas Roy and loses puck.
6:30 of 2nd period - Artturi Lehkonen is hit by Cody Ceci and loses puck.
6:41 of 2nd period - Snap shot by Nino Niederreiter.
6:41 of 2nd period - Shot Misses the Net.
6:43 of 2nd period - Slapshot by Ryan Pulock.
6:43 of 2nd period - Shot Misses the Net.
6:45 of 2nd period - Snap shot by Cody Ceci.
6:45 of 2nd period - Deflect By Nick Bjugstad.
6:45 of 2nd period - Shot Misses the Net.
6:45 of 2nd period - Puck is out of play.
6:46 of 2nd period - Sam Bennett wins face-off versus Aleksander Barkov in Vancouver Canucks zone.
6:51 of 2nd period - Snap shot by Sam Bennett.
6:51 of 2nd period - Stopped by Joonas Korpisalo with a rebound.
6:53 of 2nd period - Slapshot by Mario Ferraro.
6:53 of 2nd period - Deflect By Brady Tkachuk.
6:53 of 2nd period - Stopped by Joonas Korpisalo with a rebound.
6:59 of 2nd period - Brady Tkachuk is hit by Clayton Keller and loses puck.
7:08 of 2nd period - Brady Tkachuk is hit by Mikko Rantanen.
7:45 of 2nd period - Snap shot by Andrew Mangiapane.
7:45 of 2nd period - Stopped by Joonas Korpisalo with a rebound.
7:47 of 2nd period - Snap shot by Andrew Mangiapane.
7:47 of 2nd period - Deflect By Nicolas Roy.
7:47 of 2nd period - Shot Misses the Net.
7:47 of 2nd period - Puck is out of play.
7:48 of 2nd period - Aleksander Barkov wins face-off versus Nicolas Roy in Vancouver Canucks zone.
7:53 of 2nd period - Snap shot by Aleksander Barkov.
7:53 of 2nd period - Deflect By Clayton Keller.
7:53 of 2nd period - Stopped by Frederik Andersen without a rebound.
7:54 of 2nd period - Nicolas Roy wins face-off versus Aleksander Barkov in Toronto Maple Leafs zone.
8:01 of 2nd period - Olli Maatta is hit by Nicolas Roy and loses puck.
8:36 of 2nd period - Jacob Bryson is hit by Bowen Byram and loses puck.
8:57 of 2nd period - Nicolas Roy is hit by Olli Maatta and loses puck.
9:04 of 2nd period - Snap shot by Mikko Rantanen.
9:04 of 2nd period - Stopped by Frederik Andersen without a rebound.
9:05 of 2nd period - Sam Bennett wins face-off versus Robby Fabbri in Toronto Maple Leafs zone.
9:05 of 2nd period - Sam Bennett is hit by Miro Heiskanen.
9:10 of 2nd period - Off-side.
9:11 of 2nd period - Robby Fabbri wins face-off versus Sam Bennett in neutral zone.
9:24 of 2nd period - Wrist shot by Artturi Lehkonen.
9:24 of 2nd period - Goal by Artturi Lehkonen - Toronto Maple Leafs : 3 - Vancouver Canucks : 3.
9:25 of 2nd period - Sam Bennett wins face-off versus Robby Fabbri in neutral zone.
9:48 of 2nd period - Icing by Brandon Saad.
9:49 of 2nd period - Scott Laughton wins face-off versus Mikko Rantanen in Toronto Maple Leafs zone.
9:54 of 2nd period - Aleksander Barkov is hit by Ryan Pulock and loses puck.
10:30 of 2nd period - Icing by Kyle Okposo.
10:31 of 2nd period - Nicolas Roy wins face-off versus Jesperi Kotkaniemi in Toronto Maple Leafs zone.
10:41 of 2nd period - Off-side.
10:42 of 2nd period - Sam Bennett wins face-off versus Robby Fabbri in neutral zone.
12:16 of 2nd period - Slapshot by Sam Bennett.
12:16 of 2nd period - Stopped by Joonas Korpisalo with a rebound.
12:51 of 2nd period - Wrist shot by Casey Mittelstadt.
12:51 of 2nd period - Stopped by Frederik Andersen with a rebound.
13:16 of 2nd period - Penalty Shot by Aaron Ekblad for Toronto Maple Leafs.
13:16 of 2nd period - Deke by Aaron Ekblad.
13:16 of 2nd period - Shot Misses the Net.
13:17 of 2nd period - Sam Bennett wins face-off versus Aleksander Barkov in Toronto Maple Leafs zone.
13:45 of 2nd period - Wrist shot by Clayton Keller.
13:45 of 2nd period - Stopped by Frederik Andersen with a rebound.
13:51 of 2nd period - Wrist shot by Artturi Lehkonen.
13:51 of 2nd period - Shot Misses the Net.
14:20 of 2nd period - Wrist shot by Sam Lafferty.
14:20 of 2nd period - Shot Misses the Net.
14:55 of 2nd period - Cody Ceci is hit by Mikko Rantanen and loses puck.
15:14 of 2nd period - Snap shot by Kasperi Kapanen.
15:14 of 2nd period - Shot Misses the Net.
16:03 of 2nd period - Mario Ferraro is hit by Olli Maatta and loses puck.
16:38 of 2nd period - Wrist shot by Robby Fabbri.
16:38 of 2nd period - Shot Misses the Net.
16:40 of 2nd period - Wrist shot by Artturi Lehkonen.
16:40 of 2nd period - Stopped by Frederik Andersen without a rebound.
16:41 of 2nd period - Sam Bennett wins face-off versus Aleksander Barkov in Toronto Maple Leafs zone.
16:50 of 2nd period - Icing by Aleksander Barkov.
16:51 of 2nd period - Sam Bennett wins face-off versus Aleksander Barkov in Vancouver Canucks zone.
17:46 of 2nd period - Wrist shot by Sam Bennett.
17:46 of 2nd period - Shot Blocked by Mikko Rantanen.
17:48 of 2nd period - Wrist shot by Brandon Saad.
17:48 of 2nd period - Deflect By Sam Bennett.
17:48 of 2nd period - Shot Misses the Net.
17:48 of 2nd period - Puck is out of play.
17:49 of 2nd period - Scott Laughton wins face-off versus Robby Fabbri in Vancouver Canucks zone.
17:54 of 2nd period - Slapshot by Troy Terry.
17:54 of 2nd period - Stopped by Joonas Korpisalo with a rebound.
17:58 of 2nd period - Snap shot by Troy Terry.
17:58 of 2nd period - Stopped by Joonas Korpisalo with a rebound.
18:00 of 2nd period - Minor Penalty to Robby Fabbri for Hooking.
18:01 of 2nd period - Scott Laughton wins face-off versus Sam Lafferty in Vancouver Canucks zone.
18:26 of 2nd period - Sam Lafferty is hit by Aaron Ekblad and loses puck.
0:00 of 3rd period - Penalty to Robby Fabbri is over, Robby Fabbri is back on ice.
Goals for this period are 0 for Toronto Maple Leafs vs 1 for Vancouver Canucks.
Shots for this period are 12 for Toronto Maple Leafs vs 9 for Vancouver Canucks.
3rd period
0:01 of 3rd period - Aleksander Barkov wins face-off versus Sam Bennett in neutral zone.
0:06 of 3rd period - Wrist shot by Aleksander Barkov.
0:06 of 3rd period - Stopped by Frederik Andersen without a rebound.
0:07 of 3rd period - Sam Bennett wins face-off versus Aleksander Barkov in Toronto Maple Leafs zone.
0:09 of 3rd period - Minor Penalty to Brady Tkachuk for Roughing.
0:10 of 3rd period - Nick Bjugstad wins face-off versus Jesperi Kotkaniemi in Toronto Maple Leafs zone.
0:19 of 3rd period - Off-side.
0:20 of 3rd period - Nick Bjugstad wins face-off versus Jesperi Kotkaniemi in neutral zone.
0:32 of 3rd period - Wrist shot by Clayton Keller.
0:32 of 3rd period - Shot Hit the Post.
0:34 of 3rd period - Wrist shot by Mikko Rantanen.
0:34 of 3rd period - Stopped by Frederik Andersen with a rebound.
0:58 of 3rd period - Jake Bean is hit by Luke Schenn and loses puck.
1:09 of 3rd period - Wrist shot by Artturi Lehkonen.
1:09 of 3rd period - Stopped by Frederik Andersen with a rebound.
1:11 of 3rd period - Snap shot by Artturi Lehkonen.
1:11 of 3rd period - Shot Blocked by Kyle Okposo.
1:13 of 3rd period - Snap shot by Anton Lundell.
1:13 of 3rd period - Stopped by Frederik Andersen with a rebound.
1:15 of 3rd period - Snap shot by Casey Mittelstadt.
1:15 of 3rd period - Stopped by Frederik Andersen with a rebound.
2:09 of 3rd period - Penalty to Brady Tkachuk is over, Brady Tkachuk is back on ice.
2:22 of 3rd period - Wrist shot by Brady Tkachuk.
2:22 of 3rd period - Stopped by Joonas Korpisalo with a rebound.
2:24 of 3rd period - Wrist shot by Brady Tkachuk.
2:24 of 3rd period - Stopped by Joonas Korpisalo without a rebound.
2:25 of 3rd period - Scott Laughton wins face-off versus Noah Cates in Vancouver Canucks zone.
2:33 of 3rd period - Icing by Luke Schenn.
2:34 of 3rd period - Noah Cates wins face-off versus Troy Terry in Toronto Maple Leafs zone.
2:41 of 3rd period - Jacob Bryson is hit by Trevor Zegras and loses puck.
2:48 of 3rd period - Wrist shot by Troy Terry.
2:48 of 3rd period - Shot Blocked by Noah Cates.
2:50 of 3rd period - Slapshot by Bowen Byram.
2:50 of 3rd period - Stopped by Joonas Korpisalo with a rebound.
2:52 of 3rd period - Slapshot by Scott Laughton.
2:52 of 3rd period - Stopped by Joonas Korpisalo without a rebound.
2:53 of 3rd period - Sam Bennett wins face-off versus Aleksander Barkov in Vancouver Canucks zone.
2:58 of 3rd period - Snap shot by Brady Tkachuk.
2:58 of 3rd period - Stopped by Joonas Korpisalo without a rebound.
2:59 of 3rd period - Aleksander Barkov wins face-off versus Sam Bennett in Vancouver Canucks zone.
2:59 of 3rd period - Aleksander Barkov is hit by Brady Tkachuk.
3:05 of 3rd period - Wrist shot by Brady Tkachuk.
3:05 of 3rd period - Shot Blocked by Miro Heiskanen.
3:37 of 3rd period - Snap shot by Andrew Mangiapane.
3:37 of 3rd period - Shot Blocked by Miro Heiskanen.
3:57 of 3rd period - Slapshot by Trevor Zegras.
3:57 of 3rd period - Shot Misses the Net.
4:13 of 3rd period - Jake Bean is hit by Ryan Pulock and loses puck.
4:26 of 3rd period - Snap shot by Noah Cates.
4:26 of 3rd period - Shot Misses the Net.
5:38 of 3rd period - Warren Foegele is hit by Clayton Keller and loses puck.
5:50 of 3rd period - Minor Penalty to Aaron Ekblad for Roughing.
5:51 of 3rd period - Jesperi Kotkaniemi wins face-off versus Nick Bjugstad in Toronto Maple Leafs zone.
7:50 of 3rd period - Penalty to Aaron Ekblad is over, Aaron Ekblad is back on ice.
7:55 of 3rd period - Casey Mittelstadt is hit by Scott Laughton and loses puck.
8:54 of 3rd period - Taylor Raddysh is hit by Ryan Pulock and loses puck.
9:14 of 3rd period - Anton Lundell is hit by Andrew Mangiapane and loses puck.
9:54 of 3rd period - Aaron Ekblad is hit by Kasperi Kapanen and loses puck.
10:05 of 3rd period - Olli Maatta is hit by Nino Niederreiter and loses puck.
10:39 of 3rd period - Sam Bennett is hit by Adam Boqvist and loses puck.
11:29 of 3rd period - Snap shot by Nino Niederreiter.
11:29 of 3rd period - Deflect By Nick Bjugstad.
11:29 of 3rd period - Stopped by Joonas Korpisalo without a rebound.
11:30 of 3rd period - Clayton Keller wins face-off versus Scott Laughton in Vancouver Canucks zone.
11:34 of 3rd period - Double Minor Penalty to Luke Schenn for Roughing.
11:35 of 3rd period - Nick Bjugstad wins face-off versus Jesperi Kotkaniemi in Toronto Maple Leafs zone.
12:01 of 3rd period - Cody Ceci is hit by Anton Lundell and loses puck.
12:12 of 3rd period - Wrist shot by Artturi Lehkonen.
12:12 of 3rd period - Shot Misses the Net.
12:27 of 3rd period - Icing by Clayton Keller.
12:28 of 3rd period - Scott Laughton wins face-off versus Jesperi Kotkaniemi in Vancouver Canucks zone.
12:53 of 3rd period - Slapshot by Artturi Lehkonen.
12:53 of 3rd period - Shot Misses the Net.
14:00 of 3rd period - Mario Ferraro is hit by Mikko Rantanen and loses puck.
14:21 of 3rd period - Taylor Raddysh is hit by Cody Ceci and loses puck.
15:19 of 3rd period - Icing by Sam Lafferty.
15:20 of 3rd period - Nick Bjugstad wins face-off versus Sam Lafferty in Vancouver Canucks zone.
15:34 of 3rd period - Penalty to Luke Schenn is over, Luke Schenn is back on ice.
15:37 of 3rd period - Kyle Okposo is hit by Noah Hanifin and loses puck.
15:48 of 3rd period - Slapshot by Robby Fabbri.
15:48 of 3rd period - Shot Misses the Net.
18:00 of 3rd period - Snap shot by Brady Tkachuk.
18:00 of 3rd period - Shot Misses the Net.
18:18 of 3rd period - Slapshot by Ryan Pulock.
18:18 of 3rd period - Stopped by Joonas Korpisalo without a rebound.
18:19 of 3rd period - Casey Mittelstadt wins face-off versus Nick Bjugstad in Vancouver Canucks zone.
19:06 of 3rd period - Snap shot by Brady Tkachuk.
19:06 of 3rd period - Shot Blocked by Mikko Rantanen.
19:08 of 3rd period - Snap shot by Brandon Saad.
19:08 of 3rd period - Stopped by Joonas Korpisalo with a rebound.
Goals for this period are 0 for Toronto Maple Leafs vs 0 for Vancouver Canucks.
Shots for this period are 8 for Toronto Maple Leafs vs 5 for Vancouver Canucks.
Overtime #1
0:01 of 1st overtime period - Scott Laughton wins face-off versus Clayton Keller in neutral zone.
0:04 of 1st overtime period - Slapshot by Ryan Pulock.
0:04 of 1st overtime period - Shot Blocked by Miro Heiskanen.
0:06 of 1st overtime period - Wrist shot by Troy Terry.
0:06 of 1st overtime period - Shot Misses the Net.
0:08 of 1st overtime period - Snap shot by Scott Laughton.
0:08 of 1st overtime period - Shot Misses the Net.
0:10 of 1st overtime period - Wrist shot by Troy Terry.
0:10 of 1st overtime period - Stopped by Joonas Korpisalo with a rebound.
0:12 of 1st overtime period - Snap shot by Troy Terry.
0:12 of 1st overtime period - Shot Misses the Net.
0:14 of 1st overtime period - Slapshot by Ryan Pulock.
0:14 of 1st overtime period - Stopped by Joonas Korpisalo with a rebound.
0:16 of 1st overtime period - Slapshot by Scott Laughton.
0:16 of 1st overtime period - Stopped by Joonas Korpisalo with a rebound.
0:49 of 1st overtime period - Snap shot by Artturi Lehkonen.
0:49 of 1st overtime period - Goal by Artturi Lehkonen - Toronto Maple Leafs : 3 - Vancouver Canucks : 4.
Goals for this period are 0 for Toronto Maple Leafs vs 1 for Vancouver Canucks.
Shots for this period are 3 for Toronto Maple Leafs vs 1 for Vancouver Canucks.
Back to the Top